 Dungeon Crawl Stone Soup version 0.31-a0-844-gdc52ec4e09 (webtiles) character file.

Game seed: 16093578936585392733

233 garrulousMonolith the Shield-Bearer (level 6, 0/38 HPs)
             Began as a Gargoyle Fighter on Sept 30, 2023.
             Slain by an orc
             ... wielding a +0 hand axe
              (4 damage)
             ... on level 3 of the Dungeon.
             The game lasted 00:01:53 (1838 turns).

garrulousMonolith the Shield-Bearer (GrFi)          Turns: 1838, Time: 00:01:54

Health: 0/38       AC: 12    Str: 19    XL:     6   Next: 4%
Magic:  6/6        EV:  9    Int: 11    God:
Gold:   94         SH:  4    Dex:  9    Spells: 5/5 levels left

rFire   . . .        a - +0 flail
rCold   . . .        c - +0 buckler
rNeg    + . .        b - +0 scale mail
rPois   ∞            (no helmet)
rElec   +            d - +0 cloak
rCorr   .            (no gloves)
SInv    .            (no boots)
Will    .....        (no amulet) Stlth
                     (no ring)
HPRegen 0.26/turn    (no ring)
MPRegen 0.10/turn

%: no passive effects
@: no status effects
A: sickness immunity, AC +4, negative energy resistance 1, electricity
resistance, torment resistance 1, petrification resistance
a: no special abilities


You were on level 3 of the Dungeon.
You visited 1 branch of the dungeon, and saw 3 of its levels.

You collected 94 gold pieces.

Inventory:

Hand Weapons
 a - a +0 flail (weapon)
 k - a +2 short sword of venom
Armour
 b - a +0 scale mail (worn)
 c - a +0 buckler (worn)
 d - a +0 cloak (worn)
Jewellery
 h - a ring of magical power
Scrolls
 f - a scroll of blinking {unknown}
 i - 3 scrolls of identify {unknown}
 l - 2 scrolls of fear {unknown}
 n - a scroll of amnesia {unknown}
Potions
 e - a potion of haste {unknown}
 g - 2 potions of brilliance {unknown}
 j - a potion of lignification {unknown}
 m - 2 potions of heal wounds {unknown}
 o - a potion of curing {unknown}


   Skills:
 + Level 4.1 Fighting
 * Level 3.9 Maces & Flails
 + Level 4.1 Armour
 + Level 1.6 Dodging
 + Level 4.2 Shields


You had 5 spell levels left.
You didn't know any spells.
Your spell library contained the following spells:

 Spells                   Type           Power      Damage    Failure   Level
 Kiss of Death            Conj/Necr      0%         2d5       78%         1
 Shock                    Conj/Air       0%         1d3       78%         1
 Confusing Touch          Hex            0%         N/A       98%         3
 Tukima's Dance           Hex            0%         N/A       98%         3
 Dimensional Bullseye     Hex/Tloc       0%         N/A       100%        4
 Dispel Undead            Necr           0%         3d6       100%        4
 Iskenderun's Mystic Bla  Conj/Tloc      0%         2d3       100%        4
 Freezing Cloud           Conj/Ice/Air   0%         6-21      100%        5
 Chain Lightning          Conj/Air       0%         N/A       100%        9


Dungeon Overview and Level Annotations

Branches:
Dungeon (3/15)

Altars:


Innate Abilities, Weirdness & Mutations

You are immune to sickness and miasma.
Your stone body is resilient. (AC +4)
You are immune to poison.
You resist negative energy. (rN+)
You are resistant to electric shocks. (rElec)
You are resistant to unholy torment.
You are immune to petrification.


Message History

The orc priest is lightly wounded.
You block the orc's attack. You block the orc priest's attack.
You sock the orc priest!
The orc priest is severely wounded.
The orc priest barely misses you. The orc hits you with a +0 hand axe.
* * * LOW HITPOINT WARNING * * *
You block the orc priest's attack. You block the orc's attack.
Okay, then.
You hit the orc priest but do no damage.
The orc priest is severely wounded.
You block the orc's attack.
The orc priest hits you but does no damage.
You hit the orc priest but do no damage.
The orc priest is severely wounded.
The orc priest mumbles some strange prayers to Beogh against you.
You are unaffected.
The orc hits you but does no damage.
You barely miss the orc priest.
The orc priest is severely wounded.
The orc priest barely misses you. The orc hits you with a +0 hand axe.
* * * LOW HITPOINT WARNING * * *
You barely miss the orc priest.
The orc priest is severely wounded.
The orc priest hits you with a +0 war axe.
* * * LOW HITPOINT WARNING * * *
The orc closely misses you. You block the orc priest's attack.
The orc barely misses you.
You barely miss the orc priest.
The orc priest is severely wounded.
The orc priest barely misses you. The orc hits you but does no damage.
You hit the orc priest.
You kill the orc priest!
The orc hits you but does no damage.
You have reached level 6!
You hit the orc.
The orc is lightly wounded.
You block the orc's attack. The orc barely misses you.
You hit the orc.
The orc is moderately wounded.
The orc hits you with a +0 hand axe.
You die...

#################
......)@........#
.####.o).....##.#
#.######.##<# ..$
#.##.# ### #....#
###.<# #..# #..#
#..#


You could see an orc.

Vanquished Creatures
  Crazy Yiuf (D:2)
  2 orc priests (D:3)
  Natasha (thrice) (D:2)
  3 adders (D:2)
  3 dart slugs (D:2)
  An orc (D:2)
  6 bats
  3 endoplasms (D:2)
  A giant cockroach (D:2)
  4 hobgoblins
  3 quokkas
  2 ball pythons (D:1)
  2 frilled lizards (D:2)
  3 goblins
  4 kobolds (D:1)
  4 rats
45 creatures vanquished.

Notes
Turn   | Place    | Note
-------+----------+-------------------------------------------
     0 | D:1      | garrulousMonolith the Gargoyle Fighter began the quest for
                  | the Orb.
     0 | D:1      | Reached XP level 1. HP: 14/14 MP: 1/1
   105 | D:1      | Reached XP level 2. HP: 19/19 MP: 2/2
   344 | D:1      | Got a dusty book
   711 | D:2      | Noticed Natasha
   720 | D:2      | Killed Natasha
   721 | D:2      | Reached XP level 3. HP: 23/23 MP: 3/3
   725 | D:2      | Noticed Natasha
   739 | D:2      | Killed Natasha
   740 | D:2      | Reached skill level 1 in Dodging
   740 | D:2      | Reached XP level 4. HP: 24/29 MP: 4/4
   801 | D:2      | Found a faded altar of an unknown god.
   865 | D:2      | Found a runed translucent door.
   866 | D:2      | Noticed Crazy Yiuf
   885 | D:2      | Noticed Natasha
   893 | D:2      | Killed Natasha
  1085 | D:2      | Reached XP level 5. HP: 31/33 MP: 5/5
  1734 | D:2      | Killed Crazy Yiuf
  1837 | D:3      | Reached XP level 6. HP: 3/38 MP: 6/6
  1838 | D:3      | Slain by an orc

Illustrated notes

Levels and vault maps discovered:
D:1:      wander_arrival_fairy_ring, layout_basic,
          hangedman_decor_clover_reticule
D:2:      layout_basic, ebering_ecumenical_altar_box, minmay_indecisive_spiral,
          uniq_crazy_yiuf_cottage, uniq_natasha
D:3:      layout_loops_ring, amcnicky_altar_gilded, uniq_sigmund

Skill      XL: |  1  2  3  4  5 |
---------------+----------------+-----
Maces & Flails | 3 |  3.9
Dodging        | 1 |  1.6
Shields        | 4 |  4.2
Fighting       | 4 |  4.1
Armour         | 4 |  4.1

Action                     |  1- 3 |  4- 6 || total
---------------------------+-------+-------++-------
  Melee: Flail             |    65 |    93 ||   158
    Use: Potion            |       |     1 ||     1
 Armour: Scale mail        |    52 |    76 ||   128
  Dodge: Dodged            |    35 |    56 ||    91
  Block: Buckler           |    12 |    31 ||    43

Table legend: (Time is in decaauts)
 A = Elapsed time spent in this place.
 B = Non-inter-level travel time spent in this place.
 C = Inter-level travel time spent in this place.
 D = Time resting spent in this place.
 E = Time spent auto-exploring this place.
 F = Levels seen in this place.
 G = Mean time per level.
                   A        B        C        D        E       F      G
               +--------+--------+--------+--------+--------+-----+--------+
         Total |   1893 |   1798 |     95 |     31 |   1433 |   3 |  631.0 |
       Dungeon |   1893 |   1798 |     95 |     31 |   1433 |   3 |  631.0 |
               +--------+--------+--------+--------+--------+-----+--------+

Top non-repeatable levels by time:
     D:2: 1137 daAuts
     D:1: 725 daAuts
     D:3: 29 daAuts
